 Dungeon Crawl Stone Soup version 0.24.0-10-g970556be89 (webtiles) character file.

Game seed: 13539737187640208459, levelgen mode: deterministic

806 Kilais the Scholar of Death (level 7, -4/46 HPs)
             Began as a Vampire Necromancer on Nov 3, 2019.
             Was a Follower of Kikubaaqudgha.
             Slain by a gnoll
             ... wielding a +0 spear
              (12 damage)
             ... on level 6 of the Dungeon.
             The game lasted 01:24:31 (5901 turns).

Kilais the Scholar of Death (Vampire Necromancer)   Turns: 5901, Time: 01:24:32

Health: -4/46      AC:  4    Str:  7    XL:     7   Next: 60%
Magic:  14/14      EV: 13    Int: 20    God:    Kikubaaqudgha [*.....]
Gold:   287        SH:  4    Dex: 14    Spells: 4/15 levels left

rFire    + . .     SeeInvis +   d - +0 dagger
rCold    . . .     Gourm    .   (no shield)
rNeg     . . .     Faith    .   a - +2 robe
rPois    .         Spirit   .   (no helmet)
rElec    .         Reflect  .   (no cloak)
rCorr    .         Harm     .   (no gloves)
MR       .....                  (no boots)
Stlth    ++........             j - amulet of regeneration
HPRegen  0.75/turn              (no ring)
MPRegen  0.14/turn              (no ring)

@: regenerating quickly
A: no food, fangs 3, large bone plates 1, see invisible, fire resistance 1,
unbreathing
a: Exsanguinate, Receive Corpses, Renounce Religion


You were on level 6 of the Dungeon.
You worshipped Kikubaaqudgha.
Kikubaaqudgha was aware of your devotion.
You were alive.

You visited 1 branch of the dungeon, and saw 6 of its levels.
You also visited: Sewer.

You collected 287 gold pieces.

Inventory:

Hand Weapons
 d - a +0 dagger (weapon)
Armour
 a - a +2 robe (worn)
Jewellery
 j - an amulet of regeneration (around neck)
Wands
 b - a wand of paralysis (9)
 i - a wand of flame (28)
 s - a wand of acid (2)
Scrolls
 e - 7 scrolls of remove curse
 f - 2 scrolls of teleportation
 o - 3 scrolls of identify
Potions
 c - 6 potions of lignification {unknown}
 g - a potion of haste
 h - a potion of cancellation
 k - a potion of invisibility
 l - a potion of magic {unknown}
 r - 2 potions of curing
 t - 3 potions of heal wounds {unknown}


   Skills:
 + Level 1.6 Short Blades
 + Level 3.5 Dodging
 + Level 3.1 Stealth
 * Level 4.8 Spellcasting
 * Level 8.1 Necromancy


You had 4 spell levels left.
You knew the following spells:

 Your Spells              Type           Power        Failure   Level  Hunger
a - Pain                  Necr           ####         1%          1    N/A
b - Animate Skeleton      Necr           N/A          1%          1    N/A
c - Vampiric Draining     Necr           #####.....   1%          3    N/A
d - Sublimation of Blood  Necr           #####.....   1%          2    N/A
e - Animate Dead          Necr           N/A          4%          4    N/A

Your spell library contained the following spells:

 Spells                   Type           Power        Failure   Level  Hunger
 Regeneration             Chrm/Necr      ###.......   7%          3    N/A

Dungeon Overview and Level Annotations

Branches:
Dungeon (6/15)             Temple (0/1) D:5           Sewer (visited)

Altars:
Ashenzari
Gozag
Kikubaaqudgha
Nemelex Xobeh
Ru

Shops:
D:4 (?:*


Innate Abilities, Weirdness & Mutations

You do not eat.
Your natural rate of healing is unusually fast.
You have razor-sharp teeth.
You have supernaturally acute eyesight. (SInv)
You can survive without breathing.
You are partially covered in large bone plates. (SH +4)
Your flesh is heat resistant. (rF+)


Message History

The bullfrog skeleton barely misses you.
The gnoll closely misses you.
You hit the bullfrog skeleton.
The bullfrog skeleton is moderately damaged.
The bullfrog skeleton hits you. The bullfrog skeleton hits you.
The gnoll hits you from afar with a +0 spear.
The bullfrog skeleton barely misses you.
The gnoll hits you from afar with a +0 spear.
The centaur shoots an arrow.
The arrow hits you!
* * * LOW HITPOINT WARNING * * *
The arrow burns you.
* * * LOW HITPOINT WARNING * * *
You see here an arrow.
You hit the bullfrog skeleton.
The bullfrog skeleton is moderately damaged.
You block the bullfrog skeleton's attack.
The gnoll hits you from afar with a +0 spear!
You die...
Kikubaaqudgha rasps: "You have failed me!
Welcome... death!"

.....c..........
.##.##.#########
.##.##.###############
.##.##...........c...#####
....################.#...
.#### ##.#.# .# ##c...## #
.# ####g.....##.# .#
#.@Z.........# ##
#.##......#### #
#.###....## # ##.####.#.#
# ##...###.#.#
#############.....##...#
..................######
#############.....#
##...##


You could see a centaur, a gnoll and a bullfrog skeleton.

Vanquished Creatures
  An ice beast (D:5)
  An ogre (D:5)
  A bullfrog (D:6)
  A crimson imp (D:5)
  An orc priest (D:5)
  A bullfrog skeleton (D:6)
  3 orc wizards
  Terence (D:2)
  2 iguanas
  3 worker ants (D:4)
  A hound skeleton (D:4)
  4 gnolls
  8 adders
  2 river rats (D:6)
  An ooze (D:5)
  An adder skeleton (D:5)
  2 worms (D:3)
  A dart slug (D:1)
  3 leopard geckos
  6 orcs
  9 bats
  5 giant cockroaches
  10 goblins
  8 hobgoblins
  2 jackals (D:3)
  3 quokkas
  A ball python (D:2)
  10 frilled lizards
  6 kobolds
  8 rats
106 creatures vanquished.

Vanquished Creatures (others)
  4 plants (D:6)
  7 toadstools (D:1)
11 creatures vanquished.

Grand Total: 117 creatures vanquished

Notes
Turn   | Place    | Note
-------+----------+-------------------------------------------
     0 | D:1      | Kilais the Vampire Necromancer began the quest for the Orb.
     0 | D:1      | Reached XP level 1. HP: 13/13 MP: 3/3
   177 | D:1      | Gained mutation: Your flesh is heat resistant. (rF+)
                  | [potion of mutation]
   177 | D:1      | Gained mutation: You are partially covered in large bone
                  | plates. (SH +4) [potion of mutation]
   499 | D:1      | Reached XP level 2. HP: 15/17 MP: 1/5
   579 | D:1      | Reached skill level 5 in Necromancy
  1107 | D:1      | Learned a level 1 spell: Animate Skeleton
  1718 | D:2      | Found a sparkling altar of Nemelex Xobeh.
  1799 | D:2      | Reached XP level 3. HP: 19/21 MP: 3/6
  1816 | D:2      | Found a shattered altar of Ashenzari.
  2017 | D:2      | Found an ancient bone altar of Kikubaaqudgha.
  2027 | D:2      | Became a worshipper of Kikubaaqudgha
  2255 | D:2      | Noticed Terence
  2270 | D:2      | Killed Terence
  2270 | D:2      | Reached XP level 4. HP: 20/30 MP: 1/8
  2337 | D:2      | Learned a level 3 spell: Vampiric Draining
  2786 | D:3      | Found a sacrificial altar of Ru.
  2895 | D:3      | Reached skill level 6 in Necromancy
  2978 | D:3      | Reached XP level 5. HP: 13/35 MP: 1/9
  3124 | D:3      | Reached * piety under Kikubaaqudgha
  3124 | D:3      | Identified Kikubaaqudgha's Tome of Unholy Secrets
                  | (Kikubaaqudgha gifted it to you on level 3 of the Dungeon)
  3124 | D:3      | Received a gift from Kikubaaqudgha
  3134 | D:3      | Learned a level 2 spell: Sublimation of Blood
  3468 | D:4      | Found Tyufusku's Assorted Antiques.
  3468 | D:4      | Found a glowing drain.
  3495 | D:4      | Found Hitiufom's Book Shoppe.
  3549 | D:4      | Found Zoethruo's Weapon Shop.
  3603 | D:4      | Found Keiwk's Magic Scroll Boutique.
  3638 | D:4      | Reached XP level 6. HP: 22/41 MP: 4/11
  3758 | D:4      | Reached skill level 7 in Necromancy
  3982 | Sewer    | Entered a sewer
  4020 | D:5      | Entered Level 5 of the Dungeon
  4037 | D:5      | Found an opulent altar of Gozag.
  4066 | D:5      | Found a staircase to the Ecumenical Temple.
  4609 | D:5      | Reached XP level 7. HP: 41/46 MP: 7/13
  4618 | D:5      | Learned a level 4 spell: Animate Dead
  4746 | D:5      | Reached skill level 1 in Short Blades
  5405 | D:6      | Reached skill level 8 in Necromancy
  5855 | D:6      | Found an opulent altar of Gozag.
  5901 | D:6      | Slain by a gnoll

Levels and vault maps discovered:
D:1:      nagdon_arrival_double_spiral, layout_basic
D:2:      layout_basic, lemuel_coloured_pillars_altar, old_standard_altar,
          lemuel_crystal_altar, grunt_decor_one_mirror, uniq_terence
D:3:      layout_basic, lemuel_crystal_altar, serial_bayou_crossing
D:4:      layout_rooms, portal_sewer_entry_a, serial_shops,
          nicolae_shop_crystal, nicolae_shop_overgrown_old_shop,
          nicolae_shop_trees, nicolae_shop_trees
D:5:      minmay_recursive_quarters, layout_loops_ring,
          chequers_temple_overflow_minitemple, minmay_temple_entry_wispy,
          first_ration, grunt_gozag_breadcrumbs
D:6:      wad_woods_stonehenge, layout_loops_ring, serial_park_tiny_pond

Skill      XL: |  1  2  3  4  5  6  7 |
---------------+----------------------+-----
Necromancy     | 5 6 7 8 |  8.1
Spellcasting   | 3 4 |  4.8
Dodging        | 3 |  3.5
Short Blades   | 1 |  1.6
Stealth        | |  3.1

Action                   |  1- 3 |  4- 6 |  7- 9 || total
-------------------------+-------+-------+-------++-------
Melee: Unarmed           |    26 |       |       ||    26
       Dagger            |    24 |   201 |    72 ||   297
       Bite              |     2 |    17 |     8 ||    27
 Cast: Pain              |    58 |   105 |    39 ||   202
       Animate Skeleton  |     1 |       |       ||     1
       Vampiric Draining |       |     2 |       ||     2
       Sublimation of Bl |       |     2 |       ||     2
       Animate Dead      |       |       |     3 ||     3
Invok: Receive Corpses   |       |       |     2 ||     2
 Abil: Exsanguinate      |     1 |       |       ||     1
       Revivify          |     1 |       |       ||     1
Evoke: Wand              |       |     5 |       ||     5
  Use: Scroll            |     3 |     8 |     1 ||    12
       Potion            |     1 |       |       ||     1
Armor: Robe              |    14 |    40 |    18 ||    72
Dodge: Dodged            |    54 |   132 |    54 ||   240
Block: Other             |     8 |    37 |    22 ||    67
